havoc vs orangepest - twin beaches

Match 17255890
End
Scout Squad
Selects Airborne Battlegroup
Selects Pathfinders
Construct Barracks
Construct Barracks
Riflemen Squad
Riflemen Squad
Riflemen Squad
Infantry Support Center
Construct Motor Pool
M8 Greyhound Armored Car
Grenade Package
Engineer Squad
Selects Paratrooper Squad Paradrop
Selects Recon Loiter
Selects Supply Drop
Construct Medical Station
Recon Loiter
Construct Tank Depot
M4(105) Sherman Bulldozer
Selects Anti-tank Gun Team Paradrop
Anti-tank Gun Team Paradrop
Selects Carpet Bombing Run
M4A1 Sherman Medium Tank
M1918 Browning Automatic Rifles
Engineer Squad
Supply Drop
M4(105) Sherman Bulldozer
Engineer Squad
Engineer Squad
Anti-tank Gun Team Paradrop
Supply Drop
Carpet Bombing Run
M18 Hellcat Tank Destroyer
M18 Hellcat Tank Destroyer
Recon Loiter
Anti-tank Gun Team Paradrop
Recon Loiter
M4A1 Sherman Medium Tank
M4A1 Sherman Medium Tank
Recon Loiter
Orangepest
havoc
0
0

Comments sign in to comment!

No comments posted yet!